 Dungeon Crawl Stone Soup version 0.22-a0-268-g1cc83ef (webtiles) character file.

4989 nikopol the Thaumaturge (level 10, -5/51 HPs)
             Began as a Deep Elf Fire Elementalist on Mar 9, 2018.
             Was an Elder of Sif Muna.
             Splashed by an oklob plant's acid (14 damage)
             ... on level 8 of the Dungeon.
             The game lasted 00:50:22 (11291 turns).

nikopol the Thaumaturge (DEFE)                     Turns: 11291, Time: 00:50:22

Health: -5/51      AC:  1    Str:  5    XL:     10   Next: 29%
Magic:  13/28      EV: 14    Int: 24    God:    Sif Muna [****..]
Gold:   442        SH:  0    Dex: 21    Spells: 13/33 levels left

rFire    . . .     SeeInvis .   z - +3 dagger (venom)
rCold    + . .     Gourm    .   (no shield)
rNeg     . . .     Faith    .   E - +2 robe {rC+}
rPois    .         Spirit   .   (no helmet)
rElec    .         Reflect  .   (no cloak)
rCorr    .         Harm     .   j - +0 pair of gloves
MR       +....                  (no boots)
Stlth    ++++......             (no amulet)
HPRegen  0.17/turn              t - +6 ring of dexterity
MPRegen  0.21/turn              D - ring of stealth (curse)

@: corroded
A: no striking features
a: Divine Energy, Channel Magic, Forget Spell, Renounce Religion


You were on level 8 of the Dungeon.
You worshipped Sif Muna.
Sif Muna was greatly pleased with you.
You were hungry.

You visited 1 branch of the dungeon, and saw 8 of its levels.
You also visited: Ossuary.

You collected 442 gold pieces.

Inventory:

Hand Weapons
 z - a +3 dagger of venom (weapon)
Armour
 j - a +0 pair of gloves (worn)
 E - a +2 robe of cold resistance (worn)
Jewellery
 t - a +6 ring of dexterity (left hand)
 D - a cursed ring of stealth (right hand)
Wands
 y - a wand of acid (2)
 B - a wand of flame (55)
 H - a wand of digging (15)
Scrolls
 d - 3 scrolls of enchant weapon
 i - 3 scrolls of remove curse
 k - 6 scrolls of teleportation
 m - a scroll of brand weapon {unknown}
 p - 2 scrolls of random uselessness {unknown}
 u - 3 scrolls of blinking {unknown}
 w - 3 scrolls of immolation {unknown}
 x - 3 scrolls of enchant armour {unknown}
 F - a scroll of summoning {unknown}
 G - a scroll of identify
Potions
 a - a potion of brilliance {unknown}
 b - a potion of flight
 e - a potion of mutation
 f - 3 potions of magic
 g - 2 potions of heal wounds {unknown}
 h - 6 potions of curing
 l - 3 potions of agility
 n - 4 potions of ambrosia
 o - a potion of cancellation {unknown}
 q - 4 potions of degeneration {unknown}
 r - a potion of berserk rage {unknown}
 s - a potion of resistance {unknown}
 v - 2 potions of might {unknown}
 A - 4 potions of lignification {unknown}
 C - a potion of invisibility {unknown}
Comestibles
 c - 10 rations


   Skills:
 + Level 0.5 Fighting
 + Level 3.6 Dodging
 + Level 4.5 Stealth
 + Level 12.2 Spellcasting
 + Level 9.0 Conjurations
 + Level 9.2 Fire Magic
 + Level 0.6 Evocations


You had 13 spell levels left.
You knew the following spells:

 Your Spells              Type           Power        Failure   Level  Hunger
a - Flame Tongue          Conj/Fire      #####        1%          1    None
b - Throw Flame           Conj/Fire      ######       1%          2    None
c - Conjure Flame         Conj/Fire      ######..     1%          3    None
d - Sticky Flame          Conj/Fire      ######..     1%          4    None
e - Fireball              Conj/Fire      ######....   2%          5    ###....
f - Bolt of Magma         Conj/Fire/Erth #####.....   10%         5    ###....


Dungeon Overview and Level Annotations

Branches:
Dungeon (8/15)             Temple (0/1) D:6            Lair (0/6) D:8

Altars:
Ashenzari
Hepliaklqana
Kikubaaqudgha
Nemelex Xobeh
Okawaru
Sif Muna
Uskayaw

Shops:
D:4 }

Annotations:
D:8 exclusion: 3 oklob plants, Erica


Message History

Press: ? - help, Shift-Dir - straight line, f/p - oklob plant
Aim: an oklob plant (lightly damaged)
The fireball explodes!
The fireball engulfs the oklob plant.
The oklob plant is moderately damaged.
The fireball engulfs the plant.
The plant is heavily damaged.
Casting: Fireball (safe; 2% risk of failure)
Confirm with . or Enter, or press ? or * to list all spells.
Aiming: Fireball (safe; 2% risk of failure)
Press: ? - help, Shift-Dir - straight line, f/p - oklob plant
Aim: an oklob plant (moderately damaged)
The fireball explodes!
The fireball engulfs the oklob plant.
The oklob plant is moderately damaged.
The fireball engulfs the plant.
The plant is severely damaged.
The oklob plant spits acid at you. The splash of acid hits you!
* * * LOW HITPOINT WARNING * * *
You are splashed with acid!
The acid burns!
You die...

#..# ....PPPP$.......#
#..# .....PP$.......>#
#..#.......P..P......#
...#........P........#
##.##..........%.....#
#.##................#
#.##...........[.##.#
##.##.##..........##.#
...##.##...##.##@# #.#
......##.#.##....# #.#
.####.##.#.#####.###.#
.# #.##.<.# #..>....#
## #.####.###.#.#####
#.# #.(.._..# #.#
#####.### ###.### #[.#
#.....# #.##


You could see 2 oklob plants.

Vanquished Creatures
  An oklob plant (D:8)
  An elephant (D:8)
  Grinder (D:6)
  A hippogriff (D:8)
  Sigmund (D:5)
  A basilisk (D:8)
  Menkaure (D:5)
  A hungry ghost (D:8)
  2 orc warriors (D:7)
  An ice beast (D:7)
  2 phantoms
  2 ogres (D:8)
  A centaur (D:8)
  A crocodile (D:8)
  Blork the orc (D:6)
  4 bullfrogs
  A big kobold (D:7)
  3 scorpions
  3 water moccasin zombies (Ossuary)
  5 killer bees (D:7)
  3 howler monkeys
  4 crimson imps
  A quasit (D:4)
  4 orc priests
  A bullfrog zombie (D:6)
  A centaur zombie (D:8)
  A hound (D:7)
  2 bullfrog skeletons
  A jelly (D:5)
  9 orc wizards
  A centaur skeleton (D:7)
  4 iguanas
  6 worker ants
  4 big kobold zombies (Ossuary)
  A hound skeleton (D:4)
  A hound zombie (D:5)
  Robin (D:2)
  2 mummies (Ossuary)
  2 worker ant zombies (D:5)
  11 gnolls
  9 adders
  A shadow imp (D:6)
  2 oozes
  4 adder zombies (Ossuary)
  2 worms
  3 dart slugs
  3 leopard geckos
  23 orcs
  2 ball pythons
  7 giant cockroaches
  5 gnoll zombies (Ossuary)
  17 goblins
  7 hobgoblins
  21 jackals
  8 kobolds
  5 quokkas
  12 bats
  8 frilled lizards
  A goblin zombie (D:7)
  4 hobgoblin zombies (Ossuary)
  3 kobold zombies (Ossuary)
  A leopard gecko skeleton (D:7)
  3 orc zombies (Ossuary)
  6 rats
  A rat zombie (D:7)
  7 bushes (D:8)
  9 plants (D:8)
268 creatures vanquished.

Notes
Turn   | Place    | Note
-------+----------+-------------------------------------------
     0 | D:1      | nikopol the Deep Elf Fire Elementalist began the quest for the Orb.
     0 | D:1      | Reached XP level 1. HP: 10/10 MP: 6/6
   381 | D:1      | Reached XP level 2. HP: 15/15 MP: 6/8
   390 | D:1      | Learned a level 2 spell: Throw Flame
   743 | D:1      | Reached XP level 3. HP: 19/19 MP: 3/10
   802 | D:1      | Reached skill level 4 in Spellcasting
  1173 | D:1      | Learned a level 3 spell: Conjure Flame
  1244 | D:2      | Found a hide-covered altar of Uskayaw.
  1448 | D:2      | Noticed Robin
  1625 | D:2      | Reached XP level 4. HP: 21/24 MP: 7/12
  1781 | D:2      | Killed Robin
  1985 | D:1      | Reached skill level 5 in Spellcasting
  2450 | D:3      | Reached XP level 5. HP: 19/28 MP: 1/15
  2459 | D:3      | Learned a level 4 spell: Sticky Flame
  2925 | D:3      | Reached skill level 6 in Spellcasting
  3057 | D:3      | Reached skill level 5 in Fire Magic
  3069 | D:3      | Reached XP level 6. HP: 31/32 MP: 0/17
  3076 | D:3      | Learned a level 5 spell: Fireball
  3601 | D:4      | Found a sparkling altar of Nemelex Xobeh.
  3838 | D:4      | Reached skill level 7 in Spellcasting
  4125 | D:4      | Found a deep blue altar of Sif Muna.
  4128 | D:4      | Became a worshipper of Sif Muna the Loreminder
  4261 | D:4      | Found Atuvesarph's Gadget Shop.
  4293 | D:5      | Entered Level 5 of the Dungeon
  4310 | D:4      | Reached XP level 7. HP: 21/37 MP: 7/19
  4882 | D:5      | Noticed Sigmund
  4909 | D:5      | Killed Sigmund
  4909 | D:5      | Reached skill level 8 in Spellcasting
  4965 | D:5      | Reached * piety under Sif Muna
  4965 | D:5      | Reached XP level 8. HP: 42/42 MP: 10/22
  5071 | D:5      | Reached skill level 5 in Conjurations
  5227 | D:5      | Found an iron altar of Okawaru.
  5451 | D:5      | Noticed Menkaure
  5454 | D:5      | Killed Menkaure
  5454 | D:5      | Reached skill level 9 in Spellcasting
  5611 | D:6      | Noticed Grinder
  5617 | D:6      | Noticed Blork the orc
  5617 | D:6      | Killed Grinder
  5620 | D:6      | Killed Blork the orc
  5858 | D:6      | Reached ** piety under Sif Muna
  6319 | D:6      | Found a staircase to the Ecumenical Temple.
  6761 | D:7      | Reached skill level 10 in Spellcasting
  6801 | D:7      | Found a sand-covered staircase.
  6830 | Ossuary  | Entered an ossuary
  6889 | Ossuary  | Reached XP level 9. HP: 46/46 MP: 13/25
  7605 | D:7      | Found a shattered altar of Ashenzari.
  7616 | D:7      | Learned a level 5 spell: Bolt of Magma
  7767 | D:7      | Reached *** piety under Sif Muna
  7956 | D:7      | Reached skill level 11 in Spellcasting
  8525 | D:8      | Noticed an oklob plant
  8748 | D:8      | Found a hazy altar of Hepliaklqana.
  8848 | D:8      | Noticed Erica
  9104 | D:8      | Found an ancient bone altar of Kikubaaqudgha.
  9193 | D:8      | Found a staircase to the Lair.
  9237 | D:8      | Reached XP level 10. HP: 51/51 MP: 3/27
  9432 | D:8      | Noticed an oklob plant
  9443 | D:8      | Killed an oklob plant
  9443 | D:8      | Reached **** piety under Sif Muna
  9443 | D:8      | Reached skill level 12 in Spellcasting
  9628 | D:8      | Noticed an oklob plant
 10410 | D:8      | Noticed an elephant
 10433 | D:8      | Killed an elephant
 10683 | D:8      | Noticed an oklob plant
 11291 | D:8      | Splashed by an oklob plant's acid

Vault maps used:
D:1:      lightli_arrival_isolated_outpost
D:2:      nicolae_overflow_hidden_temple, serial_glass, glass_columns_b,
          glass_columns_c, glass_columns_b, glass_columns_a, glass_columns_a,
          glass_columns_a, uniq_robin
D:3:      first_ration
D:4:      nemelex_xobeh_ov_fountains_minmay, kennysheep_mini_moat, serial_shops,
          kennysheep_little_box
D:5:      minmay_misc_feat_doors, kennysheep_okawaru_gauntlet, uniq_sigmund,
          uniq_menkaure
D:6:      temple_doors_e, uniq_blork_the_orc, uniq_grinder
D:7:      overflow_temple_1_default, enter_ossuary_4
D:8:      lemuel_crystal_altar, kiku_gazebo_pond_becter, david_lair_generic,
          disabler_island, uniq_pikel, uniq_erica
Ossuary:  ossuary_tomb_2

Skill      XL: |  1  2  3  4  5  6  7  8  9 10 |
---------------+-------------------------------+-----
Spellcasting   | 4 5 6 7 8 10 11 12 | 12.2
Fire Magic     | 4 5 6 7 8 9 |  9.2
Conjurations   | 2 3 4 6 8 9 |  9.0
Stealth        | 3 4 |  4.5
Dodging        | 3 |  3.6
Fighting       | |  0.5
Evocations     | |  0.6

Action                   |  1- 3 |  4- 6 |  7- 9 | 10-12 || total
-------------------------+-------+-------+-------+-------++-------
Melee: Unarmed           |     1 |       |       |       ||     1
 Cast: Flame Tongue      |    82 |   144 |   261 |    18 ||   505
       Throw Flame       |     5 |     6 |    20 |     8 ||    39
       Conjure Flame     |     1 |     3 |    17 |     3 ||    24
       Sticky Flame      |       |     7 |    15 |     7 ||    29
       Fireball          |       |       |    10 |    15 ||    25
       Bolt of Magma     |       |       |       |     6 ||     6
Evoke: Wand              |       |       |     7 |       ||     7
  Use: Potion            |       |     1 |       |       ||     1
       Scroll            |       |       |     7 |       ||     7
  Eat: Chunk             |     2 |     9 |    11 |     2 ||    24
       Ration            |       |       |     2 |     2 ||     4
Armor: Robe              |     6 |    16 |     8 |     4 ||    34
Dodge: Dodged            |    21 |    49 |    37 |     9 ||   116

Table legend:
 A = Spawn XP
 B = Non-spawn XP
 C = Spawn XP percentage of total XP
 D = Spawn monster count
 E = Non-spawn monster count
 F = Spawn count percentage of total count
 G = Total turns spent on level
                    A         B        C        D         E        F      G
               +---------+---------+-------+---------+---------+-------+---------
         Total |       0 |    7128 |   0.0 |       0 |     252 |   0.0 | 11291
               +---------+---------+-------+---------+---------+-------+---------
           D:1 |       0 |      75 |   0.0 |       0 |      27 |   0.0 |  1361
           D:2 |       0 |     101 |   0.0 |       0 |      43 |   0.0 |   989
           D:3 |       0 |     227 |   0.0 |       0 |      34 |   0.0 |  1136
           D:4 |       0 |     359 |   0.0 |       0 |      14 |   0.0 |  1104
           D:5 |       0 |    1050 |   0.0 |       0 |      25 |   0.0 |  1154
           D:6 |       0 |     814 |   0.0 |       0 |      16 |   0.0 |  1087
           D:7 |       0 |    1697 |   0.0 |       0 |      44 |   0.0 |  1241
           D:8 |       0 |    2405 |   0.0 |       0 |      21 |   0.0 |  2462
       Ossuary |       0 |     400 |   0.0 |       0 |      28 |   0.0 |   757
               +---------+---------+-------+---------+---------+-------+---------
